 Dungeon Crawl Stone Soup version 0.27-a0-1322-gfdffb62a71 (webtiles) character file.

Game seed: 9549775635670491372

35426 funkygono the Thaumaturge (level 13, -10/70 HPs)
             Began as a Gargoyle Ice Elementalist on June 22, 2021.
             Was a High Priest of Vehumet.
             Mangled by a death yak (22 damage)
             ... on level 4 of the Lair of Beasts.
             The game lasted 00:48:42 (17829 turns).

funkygono the Thaumaturge (GrIE)                   Turns: 17829, Time: 00:48:43

Health: -10/70     AC: 16    Str: 20    XL:     13   Next: 83%
Magic:  12/30      EV: 13    Int: 27    God:    Vehumet [*****.]
Gold:   1116       SH:  0    Dex: 10    Spells: 7/38 levels left

rFire    . . .     SeeInvis .   H - +5 quarterstaff (protect)
rCold    . . .     Faith    .   (shield currently unavailable)
rNeg     + . .     Spirit   .   a - +0 robe
rPois    ∞         Reflect  .   o - +1 helmet
rElec    +         Harm     .   (no cloak)
rCorr    .         Rampage  .   d - +2 pair of gloves of Sus Etso {Str+2}
Will     .....                  (no boots)
Stlth    ++........             D - amulet of regeneration
HPRegen  1.21/turn              C - +6 ring of intelligence
MPRegen  0.22/turn              i - +6 ring of strength

@: freezing walls
A: sickness immunity, AC +9, negative energy resistance 1, electricity
resistance, torment resistance 1, petrification resistance
a: Renounce Religion


You were on level 4 of the Lair of Beasts.
You worshipped Vehumet.
Vehumet was extremely pleased with you.
You visited 3 branches of the dungeon, and saw 16 of its levels.
You also visited: Bailey.

You collected 1116 gold pieces.

Inventory:

Hand Weapons
 r - the +7 whip of Baric Wua {antimagic, Str+6}
   (You found it on level 4 of the Dungeon)

   It reduces the magical energy of the wielder, and disrupts the spells and
   magical abilities of those hit.
   Natural abilities and divine invocations are not affected.
   It affects your strength (+6).
 H - a +5 quarterstaff of protection (weapon)
Armour
 a - a +0 robe (worn)
 d - the +2 pair of gloves of Sus Etso (worn) {Str+2}
   (You acquired it on level 1 of the Dungeon)

   It affects your strength (+2).
 j - a +0 buckler
 o - a +1 helmet (worn)
Magical Staves
 k - a staff of cold
Jewellery
 i - a +6 ring of strength (right hand)
 m - a ring of see invisible
 q - a ring of flight
 A - the ring of the Endless Expanse {rF+ rC+ Str+4}
   (You found it in a bailey)

   [ring of protection from cold]

   It affects your strength (+4).
   It protects you from fire.
   It protects you from cold.
 C - a +6 ring of intelligence (left hand)
 D - an amulet of regeneration (around neck)
Wands
 g - a wand of iceblast (11)
 y - a wand of flame (68)
 G - a wand of acid (16)
 I - a wand of mindburst (11)
 K - a wand of paralysis (19)
Scrolls
 f - 6 scrolls of teleportation
 h - a scroll of fear
 l - a scroll of blinking
 p - a scroll of identify
 w - a scroll of magic mapping
Potions
 b - a potion of invisibility
 c - 4 potions of curing
 e - 3 potions of haste
 n - 2 potions of heal wounds
 s - 2 potions of lignification
 v - 2 potions of flight
 B - a potion of mutation
 J - 2 potions of might
 M - a potion of resistance


   Skills:
 + Level 4.0 Fighting
 + Level 0.1(4.0) Maces & Flails
 + Level 6.5 Staves
 + Level 5.3 Dodging
 - Level 2.1 Stealth
 + Level 13.4 Spellcasting
 + Level 8.5 Conjurations
 * Level 0.9 Fire Magic
 + Level 12.3 Ice Magic
 + Level 7.0 Earth Magic


You had 7 spell levels left.
You knew the following spells:

 Your Spells              Type           Power      Damage    Failure   Level
a - Freeze                Ice            100%       1d11      0%          1
b - Frozen Ramparts       Ice            100%       1d12      1%          3
c - Ozocubu's Armour      Ice            71%        N/A       1%          3
d - Hailstorm             Conj/Ice       65%        3d14      1%          4
e - Magic Dart            Conj           100%       1d8       1%          1
f - Stone Arrow           Conj/Erth      100%       3d13      1%          3
g - Metabolic Englaciati  Hex/Ice        25%        N/A       7%          5
h - Iskenderun's Battles  Conj           59%        2d11      1%          5
i - Starburst             Conj/Fire      21%        8x6d7     17%         6

Your spell library contained the following spells:

 Spells                   Type           Power      Damage    Failure   Level
 Animate Skeleton         Necr           36%        N/A       3%          1
 Apportation              Tloc           36%        N/A       3%          1
 Corona                   Hex            20%        N/A       3%          1
 Summon Small Mammal      Summ           72%        N/A       3%          1


Dungeon Overview and Level Annotations

Branches:
Dungeon (10/15)            Temple (1/1) D:6            Lair (5/6) D:10
 Shoals (0/4) Lair:3       Spider (0/4) Lair:4          Orc (0/2) D:10
 Bailey (visited)
  Slime: Lair:5-6

Altars:
Ashenzari
Cheibriados
Dithmenos
Elyvilon
Fedhas
Gozag
Hepliaklqana
Kikubaaqudgha
Makhleb
Nemelex Xobeh
Okawaru
Qazlal
Ru
Sif Muna
Trog
Uskayaw
Vehumet
Wu Jian
Xom
Yredelemnul
Zin
The Shining One

Annotations:
D:3 2 transporters
D:6 1 runed translucent door, viperstalker's ghost, novice PaFi


Innate Abilities, Weirdness & Mutations

You are immune to sickness and miasma.
Your stone body is resilient. (AC +9)
You are immune to poison.
You resist negative energy. (rN+)
You are resistant to electric shocks. (rElec)
You are resistant to unholy torment.
You are immune to petrification.


Message History

The death yak gores you but does no damage.
The wall freezes the death yak.
The death yak barely misses you.
The wall freezes the death yak!
The death yak gores you.
* * * LOW HITPOINT WARNING * * *
Your Earth Magic skill increases to level 7!
Unknown command.
You hit the death yak.
The death yak is moderately wounded.
The wall freezes the death yak.
The death yak barely misses you.
The wall freezes the death yak.
The death yak gores you.
* * * LOW HITPOINT WARNING * * *
The wall freezes the death yak!
The death yak gores you but does no damage.
The wall freezes the death yak!
The death yak gores you!
* * * LOW HITPOINT WARNING * * *
Your icy armour and frozen ramparts will break if you move.
Continue?
Uppercase [Y]es or [N]o only, please.
Your icy armour and frozen ramparts will break if you move.
Continue? [Y]es or [N]o only, please.
Your icy armour and frozen ramparts will break if you move.
Continue?
Your icy armour cracks and falls away as you move.
The frozen ramparts melt away as you move.
There is a stone staircase leading up here.
The death yak barely misses you. The death yak misses you.
The death yak gores you but does no damage. x2
You climb upwards.
There is a stone staircase leading down here.
Casting: Frozen Ramparts (safe; 1% risk of failure)
Confirm with . or Enter, or press ? or * to list all spells.
Casting: Frozen Ramparts (safe; 1% risk of failure)
Press: ? - help, Dir - look around, f - activate A stone staircase leading down.
The walls around you are covered in ice.
The wall freezes the death yak.
You kill the death yak!
Vehumet accepts your kill.
You feel your power returning.
The wall freezes the death yak!
The death yak gores the plant!
The plant begins to die.
The wall freezes the death yak!
The death yak gores you!!
You die...

### #.### ## ### ### #...#####.
..###.########### #####.........
..........##.#.P####..#....#...#.
÷÷.÷÷.........YY@†Y..###..###.##.
##.#.##...#..#######..##...#####.
#######)......## #...###..# ##
.######........## #...# #.##
...#......(.....####.####.#
#..#..#................#..#
.#..†..#..........(.......#
..###............##...#..##
..####..........####.#####


You could see 3 death yaks.

Vanquished Creatures
  12 hydras
  A centaur warrior (D:9)
  A two-headed ogre (D:8)
  3 death yaks
  9 elephants
  Joseph (D:9)
  2 black mambas
  A torpor snail (Lair:4)
  A merfolk siren (Lair:3)
  9 cane toads
  A rime drake (Lair:3)
  5 komodo dragons
  A hornet (D:7)
  5 blink frogs (Lair:2)
  Prince Ribbit (D:6)
  5 dream sheep
  42 yaks
  Menkaure (D:5)
  2 basilisks
  15 water moccasins
  An acid dragon (D:10)
  8 orc warriors
  2 ice beasts
  A sky beast (D:7)
  3 necrophages
  3 black bears
  2 ogres
  A phantom (D:7)
  8 gnoll sergeants (Bailey)
  16 bullfrogs
  5 scorpions
  A wyvern zombie (D:9)
  8 wights
  2 centaur zombies
  7 hounds
  5 orc priests
  7 gnoll shamans
  2 jellies
  A bullfrog skeleton (D:5)
  2 scorpion zombies (D:5)
  3 iguanas
  16 orc wizards
  A killer bee zombie (D:6)
  A hound skeleton (D:4)
  Robin (D:3)
  A howler monkey skeleton (D:6)
  22 gnolls
  8 adders
  2 white imps
  2 ufetubi
  2 worms
  32 orcs
  3 ball pythons
  4 endoplasms
  2 giant cockroaches
  23 goblins
  11 hobgoblins
  10 jackals
  4 quokkas
  3 bats
  6 frilled lizards
  11 kobolds
  7 rats
378 creatures vanquished.

Vanquished Creatures (others)
  42 fungi
  47 plants
89 creatures vanquished.

Grand Total: 467 creatures vanquished

Notes
Turn   | Place    | Note
-------+----------+-------------------------------------------
     0 | D:1      | funkygono the Gargoyle Ice Elementalist began the quest for
                  | the Orb.
     0 | D:1      | Reached XP level 1. HP: 10/10 MP: 3/3
   274 | D:1      | Reached XP level 2. HP: 15/15 MP: 3/5
   527 | D:1      | Reached XP level 3. HP: 18/19 MP: 2/6
   602 | D:1      | Learned a level 3 spell: Frozen Ramparts
   825 | D:1      | Identified a scroll of acquirement
   825 | D:1      | Acquired the +2 pair of gloves of Sus Etso {Str+2}
  1354 | D:2      | Reached XP level 4. HP: 24/24 MP: 4/8
  1360 | D:2      | Learned a level 3 spell: Ozocubu's Armour
  2062 | D:2      | Reached skill level 3 in Spellcasting
  2144 | D:3      | Reached skill level 5 in Ice Magic
  2238 | D:3      | Noticed Robin
  2282 | D:3      | Killed Robin
  2283 | D:3      | Reached XP level 5. HP: 28/28 MP: 5/9
  2420 | D:3      | Found an iron altar of Okawaru.
  2431 | D:3      | Found a transporter.
  2583 | D:3      | Found a transporter.
  2801 | D:3      | Found a faded altar of an unknown god.
  3323 | D:4      | Identified the +7 whip of Baric Wua {antimagic, Str+6}
  3327 | D:4      | Noticed a black bear
  3332 | D:4      | Reached skill level 4 in Spellcasting
  3337 | D:4      | Killed a black bear
  3338 | D:4      | Reached skill level 1 in Fighting
  3338 | D:4      | Reached XP level 6. HP: 13/34 MP: 1/12
  3599 | D:4      | Learned a level 4 spell: Hailstorm
  3662 | D:4      | Reached skill level 5 in Spellcasting
  3906 | D:4      | Reached XP level 7. HP: 38/38 MP: 7/14
  4028 | D:5      | Entered Level 5 of the Dungeon
  4266 | D:5      | Reached skill level 1 in Staves
  4443 | D:5      | Noticed Menkaure
  4450 | D:5      | Killed Menkaure
  4451 | D:5      | Reached skill level 6 in Spellcasting
  4451 | D:5      | Reached XP level 8. HP: 23/44 MP: 9/17
  5339 | D:6      | Found a staircase to the Ecumenical Temple.
  5368 | Temple   | Entered the Ecumenical Temple
  5424 | Temple   | Became a worshipper of Vehumet
  6196 | D:6      | Reached skill level 1 in Conjurations
  6318 | D:6      | Found a runed translucent door.
  6319 | D:6      | Noticed viperstalker's ghost (novice PaFi)
  6321 | D:6      | Noticed a kobold demonologist
  6537 | D:6      | Noticed Prince Ribbit
  6544 | D:6      | Killed Prince Ribbit
  6545 | D:6      | Reached skill level 7 in Spellcasting
  6545 | D:6      | Reached XP level 9. HP: 48/48 MP: 11/19
  7013 | D:7      | Reached * piety under Vehumet
  7013 | D:7      | Offered knowledge of Magic Dart by Vehumet.
  7032 | D:7      | Found a flagged portal.
  7061 | Bailey   | Entered a bailey
  7214 | Bailey   | Learned a level 1 spell: Magic Dart
  7495 | Bailey   | Identified the +7 hand axe of the Bespelling Jester {vamp,
                  | rF++}
  7699 | Bailey   | Reached skill level 8 in Spellcasting
  7704 | Bailey   | Offered knowledge of Shock by Vehumet.
  7808 | Bailey   | Identified the ring of the Endless Expanse {rF+ rC+ Str+4}
  8040 | D:7      | Reached ** piety under Vehumet
  8215 | D:7      | Noticed a hornet
  8226 | D:7      | Killed a hornet
  8296 | D:7      | Reached XP level 10. HP: 48/54 MP: 15/22
  9266 | D:7      | Reached skill level 5 in Conjurations
  9436 | D:8      | Noticed a two-headed ogre
  9444 | D:8      | Killed a two-headed ogre
  9445 | D:8      | Reached skill level 9 in Spellcasting
 10000 | D:8      | Noticed a five-headed hydra
 10012 | D:8      | Offered knowledge of Stone Arrow by Vehumet.
 10114 | D:8      | Killed a five-headed hydra
 10540 | D:8      | Learned a level 3 spell: Stone Arrow
 10840 | D:9      | Noticed Joseph
 10861 | D:9      | Killed Joseph
 10862 | D:9      | Reached skill level 1 in Earth Magic
 11165 | D:9      | Noticed a centaur warrior
 11174 | D:9      | Killed a centaur warrior
 11175 | D:9      | Reached skill level 10 in Spellcasting
 11175 | D:9      | Reached XP level 11. HP: 59/59 MP: 8/25
 11303 | D:9      | Reached *** piety under Vehumet
 12120 | D:10     | Entered Level 10 of the Dungeon
 12330 | D:10     | Found a staircase to the Lair.
 12619 | D:10     | Reached skill level 10 in Ice Magic
 12621 | D:10     | Reached skill level 11 in Spellcasting
 12627 | D:10     | Offered knowledge of Conjure Flame by Vehumet.
 12725 | D:10     | Found a staircase to the Orcish Mines.
 13167 | D:10     | Learned a level 5 spell: Metabolic Englaciation
 13340 | Lair:1   | Entered Level 1 of the Lair of Beasts
 13417 | Lair:1   | Noticed an eight-headed hydra
 13426 | Lair:1   | Killed an eight-headed hydra
 14031 | Lair:1   | Reached XP level 12. HP: 64/64 MP: 19/27
 14095 | Lair:1   | Reached skill level 5 in Earth Magic
 14277 | Lair:2   | Noticed a four-headed hydra
 14289 | Lair:2   | Killed a four-headed hydra
 14306 | Lair:2   | Reached **** piety under Vehumet
 14314 | Lair:2   | Noticed a seven-headed hydra
 14318 | Lair:2   | Reached skill level 12 in Spellcasting
 14329 | Lair:2   | Killed a seven-headed hydra
 14330 | Lair:2   | Reached skill level 5 in Staves
 14339 | Lair:2   | Offered knowledge of Iskenderun's Battlesphere by Vehumet.
 14488 | Lair:2   | Found an opulent altar of Gozag.
 14578 | Lair:2   | Noticed a five-headed hydra
 14590 | Lair:2   | Killed a five-headed hydra
 14987 | Lair:3   | Noticed a six-headed hydra
 15000 | Lair:3   | Killed a six-headed hydra
 15094 | Lair:3   | Found a staircase to the Shoals.
 15144 | Lair:3   | Noticed a six-headed hydra
 15152 | Lair:3   | Killed a six-headed hydra
 15235 | Lair:3   | Reached XP level 13. HP: 55/69 MP: 20/29
 15517 | Lair:3   | Reached skill level 5 in Dodging
 16682 | Lair:4   | Found a hole to the Spider Nest.
 16706 | Lair:4   | Learned a level 5 spell: Iskenderun's Battlesphere
 16853 | Lair:4   | Reached skill level 13 in Spellcasting
 17104 | Lair:4   | Reached ***** piety under Vehumet
 17104 | Lair:4   | Offered knowledge of Starburst by Vehumet.
 17791 | Lair:4   | Learned a level 6 spell: Starburst
 17829 | Lair:4   | Mangled by a death yak

Illustrated notes

Levels and vault maps discovered:
D:1:      dpeg_arrival_orchard, layout_rooms
D:2:      layout_basic, ebering_dispersal_statue_hall
D:3:      gammafunk_wand_slinger, layout_rooms, general_overflow_altar,
          shapermc_ecumenical_altar_mp_vishouse, uniq_robin
D:4:      layout_rooms, minmay_ogre_servants
D:5:      layout_basic, uniq_menkaure
D:6:      layout_loops_ring, minmay_temple_entry_statues_pillars,
          ebering_ghost_inner_flame, kennysheep_decorative_pillar,
          uniq_prince_ribbit1
D:7:      layout_basic, enter_bailey_4
D:8:      layout_loops_ring
D:9:      layout_basic, minmay_quadrilaterals, uniq_joseph
D:10:     layout_roguey, grunt_lair_entry_orc_guard_hut, orc_0_dummy
Temple:   minmay_crystal_snake_temple
Lair:1:   layout_cave_pods, chequers_serial_rivers_micro_c, grunt_megastairs_2,
          infiniplex_staircase_pool_2
Lair:2:   layout_cave_shapes, basic_altar, minivault_23, serial_bayou_shore_b
Lair:3:   layout_roguey, minmay_shoals_entry_lonely_mermaid,
          chequers_serial_rivers_large_a, hangedman_lair_generics_rect
Lair:4:   layout_loops_ring, dummy_spider_entry
Lair:5:   layout_misc_corridors

Skill      XL: |  1  2  3  4  5  6  7  8  9 10 11 12 13 |
---------------+----------------------------------------+-----
Spellcasting   | 3 4 5 6 7 8 10 11 12 13 | 13.4
Ice Magic      | 5 6 7 8 9 10 11 12 | 12.3
Fighting       | 1 2 3 4 |  4.0
Dodging        | 2 3 4 5 |  5.3
Staves         | 1 3 4 6 |  6.5
Conjurations   | 2 4 6 7 8 |  8.5
Earth Magic    | 2 4 5 7 |  7.0
Maces & Flails | |  0.1
Stealth        | |  2.1
Fire Magic     | |  0.9

Action                   |  1- 3 |  4- 6 |  7- 9 | 10-12 | 13-15 || total
-------------------------+-------+-------+-------+-------+-------++-------
Melee: Unarmed           |     2 |       |       |       |       ||     2
       Club              |    45 |     6 |       |       |       ||    51
       Staff             |       |    48 |   216 |   131 |       ||   395
       Quarterstaff      |       |       |       |    66 |    55 ||   121
 Cast: Freeze            |    48 |    34 |    27 |    21 |       ||   130
       Frozen Ramparts   |       |    19 |    39 |    57 |    23 ||   138
       Ozocubu's Armour  |       |     2 |    25 |    44 |    18 ||    89
       Hailstorm         |       |     1 |    11 |     6 |     1 ||    19
       Magic Dart        |       |       |    10 |    24 |    13 ||    47
       Stone Arrow       |       |       |       |    78 |    59 ||   137
       Iskenderun's Batt |       |       |       |       |     4 ||     4
  Use: Scroll            |     2 |     4 |     6 |    14 |     1 ||    27
 Stab: Sleeping          |     1 |       |       |     1 |       ||     2
       Distracted        |       |     1 |     1 |       |       ||     2
Armor: Robe              |    40 |    27 |   155 |   142 |    98 ||   462
Dodge: Dodged            |    63 |    45 |   181 |   151 |    74 ||   514

Table legend: (Time is in decaauts)
 A = Elapsed time spent in this place.
 B = Non-inter-level travel time spent in this place.
 C = Inter-level travel time spent in this place.
 D = Time resting spent in this place.
 E = Time spent auto-exploring this place.
 F = Levels seen in this place.
 G = Mean time per level.
                   A        B        C        D        E       F      G
               +--------+--------+--------+--------+--------+-----+--------+
         Total |  17905 |  17477 |    428 |    386 |  14306 |  17 | 1053.2 |
       Dungeon |  12345 |  12093 |    252 |    200 |   9877 |  10 | 1234.5 |
        Temple |    202 |    164 |     38 |      0 |    162 |   1 |  202.0 |
          Lair |   4525 |   4388 |    137 |      0 |   3816 |   5 |  905.0 |
        Bailey |    831 |    831 |      0 |    186 |    451 |   1 |  831.0 |
               +--------+--------+--------+--------+--------+-----+--------+

Top non-repeatable levels by time:
     D:7: 1661 daAuts
  Lair:3: 1578 daAuts
     D:9: 1559 daAuts
     D:6: 1352 daAuts
     D:5: 1292 daAuts
  Lair:4: 1291 daAuts
     D:2: 1225 daAuts
    D:10: 1218 daAuts
     D:8: 1207 daAuts
     D:4: 1110 daAuts
  Lair:1: 940 daAuts
     D:1: 871 daAuts
     D:3: 846 daAuts
  Bailey: 831 daAuts
  Lair:2: 693 daAuts
